 Dungeon Crawl Stone Soup version 0.30-a0-377-g5cb311bc9f (webtiles) character file.

Game seed: 11881271592271158188

5380 Angani the Placeless Draconian (level 10, -1/81 HPs)
             Began as a Red Draconian Warper on Nov 30, 2022.
             Was an Initiate of Gozag.
             Slain by a centaur warrior
             ... wielding a +0 battleaxe
              (4 damage)
             ... on level 8 of the Dungeon.
             The game lasted 00:17:36 (8835 turns).

Angani the Placeless Draconian (DrWr)               Turns: 8835, Time: 00:17:37

Health: -1/81      AC:  6    Str: 14    XL:     10   Next: 39%
Magic:  20/22      EV: 12    Int: 18    God:    Gozag
Gold:   1120       SH:  0    Dex: 10    Spells: 10/25 levels left

rFire   + . .      SeeInvis .    D - +7 staff of the Meek {protect, meekguard}
rCold   . . .      Faith    .    (shield currently unavailable)
rNeg    + . .      Spirit   .    (body armour unavailable)
rPois   +          Reflect  .    (helmet restricted)
rElec   .          Harm     .    s - -2 cloak of Dishonour {rPois}
rCorr   .          Rampage  .    (no gloves)
Will    +....                    (no boots)
Stlth   +.........               j - amulet of magic regeneration
HPRegen 0.33/turn                m - ring of willpower
MPRegen 0.58/turn                i - ring of positive energy

@: short of breath, gold aura
A: breathe fire, AC +7, unfitting armour, fire resistance 1, cold-blooded
a: Breathe Fire, Renounce Religion, Potion Petition, Call Merchant, Bribe Branch


You were on level 8 of the Dungeon.
You worshipped Gozag.
Gozag was most pleased with you.
You visited 1 branch of the dungeon, and saw 8 of its levels.

You collected 1157 gold pieces.
You paid 37 gold pieces to Gozag.

Inventory:

Hand Weapons
 w - a +0 trident
 D - the +7 staff of the Meek (weapon) {protect, meekguard}
   (You found it on level 8 of the Dungeon)

   It grants its wielder temporary protection when it strikes (+7 to AC).
   It provides extra protection to wielders with little health.
Missiles
 a - a throwing net
 F - a boomerang
Armour
 s - the -2 cloak of Dishonour (worn) {rPois}
   (You acquired it on level 5 of the Dungeon)

   rPois:     It protects you from poison.
Jewellery
 f - a ring of wizardry
 i - a ring of positive energy (right hand)
 j - an amulet of magic regeneration (around neck)
 m - a ring of willpower (left hand)
Wands
 q - a wand of digging (3)
 x - a wand of roots (1)
 A - a wand of charming (10)
 G - a wand of mindburst (3)
Scrolls
 b - 2 scrolls of blinking
 k - 3 scrolls of butterflies
 t - 2 scrolls of poison
 v - 2 scrolls of teleportation
 y - 3 scrolls of immolation
 z - a scroll of summoning {unknown}
 B - 2 scrolls of enchant weapon {unknown}
Potions
 c - a potion of ambrosia
 d - 2 potions of haste {unknown}
 e - 3 potions of mutation {unknown}
 g - a potion of attraction {unknown}
 l - 2 potions of cancellation {unknown}
 n - 4 potions of flight {unknown}
 o - a potion of brilliance {unknown}
 p - a potion of resistance {unknown}
 r - a potion of might {unknown}
 C - a potion of magic {unknown}
 E - a potion of lignification {unknown}


   Skills:
 - Level 5.5 Fighting
 - Level 5.0 Polearms
 - Level 0.8 Throwing
 - Level 2.1 Dodging
 + Level 8.1 Spellcasting
 + Level 9.1 Translocations
 + Level 7.0 Air Magic


You had 10 spell levels left.
You knew the following spells:

 Your Spells              Type           Power      Damage    Failure   Level
a - Blink                 Tloc           80%        N/A       1%          2
b - Vhi's Electric Charg  Tloc/Air       72%        N/A       1%          3
c - Teleport Other        Tloc           40%        N/A       1%          3
d - Lesser Beckoning      Tloc           80%        N/A       1%          3
e - Manifold Assault      Tloc           40%        N/A       2%          4

Your spell library contained the following spells:

 Spells                   Type           Power      Damage    Failure   Level
 Borgnjor's Vile Clutch   Necr/Erth      3%         N/A       95%         5
 Death Channel            Necr           3%         N/A       100%        6
 Animate Dead             Necr           Unusable   N/A       N/A         4

Dungeon Overview and Level Annotations

Branches:
Dungeon (8/15)             Temple (0/1) D:7
   Lair: D:8-11

Altars:
Dithmenos
Elyvilon
Gozag
Qazlal
Sif Muna
The Shining One

Portals:
Abyss: D:7

Annotations:
D:7 2 transporters, Tribosh's ghost, novice TeHu


Innate Abilities, Weirdness & Mutations

You can breathe blasts of fire.
Your fiery red scales are hard. (AC +7)
You cannot fit into any form of body armour.
Your flesh is heat resistant. (rF+)
You are cold-blooded and may be slowed by cold attacks.


Message History

Unknown command.
You sock the centaur warrior!
The centaur warrior is severely wounded.
The grasping roots constrict the centaur warrior.
A shadow appears from thin air!
Reactivating autopickup.
The roots release their grip on the centaur warrior.
The centaur warrior hits you with a +0 battleaxe.
* * * LOW HITPOINT WARNING * * *
The centaur warrior closely misses you.
The centaur warrior hits you with a +0 battleaxe.
* * * LOW HITPOINT WARNING * * *
The centaur warrior kicks you but does no damage.
Unknown command.
You feel better.
The centaur warrior hits you but does no damage.
The centaur warrior kicks you but does no damage.
Unknown command.
Unknown command.
You feel better.
The centaur warrior hits you but does no damage.
The centaur warrior kicks you but does no damage.
The shadow is distracted by your dazzling golden aura.
The centaur warrior hits you with a +0 battleaxe!
* * * LOW HITPOINT WARNING * * *
The centaur warrior kicks you but does no damage.
You feel better.
The centaur warrior hits you with a +0 battleaxe.
* * * LOW HITPOINT WARNING * * *
The centaur warrior kicks you but does no damage.
Unknown command.
You feel better.
The centaur warrior hits you with a +0 battleaxe!!
* * * LOW HITPOINT WARNING * * *
The centaur warrior kicks you but does no damage.
The centaur warrior hits you with a +0 battleaxe.
* * * LOW HITPOINT WARNING * * *
The centaur warrior kicks you.
You die...
Your body crumbles into a pile of gold.

##.# #.## #.###.###.# ##. #..
#.# #......#..# #.
##.#####)#########+#########.
#..#...)))..###.. #.[.#.
##..#..####...#.. #.#.##
##...#.##..##..#.# $ #.#...
###..#.#.#.##.##.#.#$ #.###.
#...##?'.##.#..#$cW# $ $
+.#...
..###..#..###).#@#$#$$$ $
###.#. ### #..#.....).#.#.#
#...#. # #..##.....##.#{.
#.#### #..####..##..##..
#..... ## #..## ##.# ### ###
########. .## #...# #.#
#..###..# #. ..# ###.# #.##
#.#..#.# ##. ..# #.# #..##
##.#.### ##.. ..# #.##
##..######..##..###..#


You could see a centaur warrior and a shadow.

Vanquished Creatures
  A catoblepas (D:8)
  2 ugly things (D:8)
  A troll (D:8)
  A hornet (D:7)
  A yak (D:8)
  Eustachio (D:5)
  Edmund (D:4)
  A water moccasin (D:6)
  2 black bears
  4 orc warriors
  2 sky beasts (D:7)
  3 ice beasts (D:7)
  2 ogres
  4 centaurs (D:8)
  2 phantoms
  A kobold brigand (D:8)
  A bullfrog (D:6)
  5 scorpions
  5 wights (D:8)
  A killer bee (D:8)
  A jelly (D:7)
  4 hounds
  4 orc priests
  A gnoll bouda (D:5)
  7 iguanas
  2 orc wizards (D:7)
  3 gnolls
  8 adders
  A shadow imp (D:5)
  A white imp (D:4)
  An ufetubus (D:6)
  2 worms
  6 dart slugs
  20 orcs
  5 ball pythons
  3 bats
  3 endoplasms
  5 giant cockroaches
  7 hobgoblins
  3 jackals (D:2)
  2 quokkas
  4 frilled lizards
  7 goblins
  7 kobolds
  4 rats
152 creatures vanquished.

Vanquished Creatures (others)
  4 plants (D:7)
4 creatures vanquished.

Grand Total: 156 creatures vanquished

Notes
Turn   | Place    | Note
-------+----------+-------------------------------------------
     0 | D:1      | Angani the Draconian Warper began the quest for the Orb.
     0 | D:1      | Reached XP level 1. HP: 17/17 MP: 3/3
   251 | D:1      | Reached XP level 2. HP: 21/25 MP: 5/5
   254 | D:1      | Learned a level 2 spell: Blink
   979 | D:2      | Reached XP level 3. HP: 30/30 MP: 6/6
  1169 | D:2      | Learned a level 3 spell: Vhi's Electric Charge
  2008 | D:3      | Reached XP level 4. HP: 38/38 MP: 7/7
  2188 | D:4      | Found an opulent altar of Gozag.
  2199 | D:4      | Noticed an ogre
  2201 | D:4      | Became a worshipper of Gozag Ym Sagoz the Greedy
  2414 | D:4      | Noticed a scorpion
  2462 | D:4      | Killed a scorpion
  2536 | D:4      | Reached XP level 5. HP: 31/45 MP: 9/9
  2788 | D:4      | Learned a level 3 spell: Teleport Other
  2848 | D:4      | Reached skill level 4 in Translocations
  2957 | D:4      | Noticed a phantom
  2977 | D:4      | Killed a phantom
  2978 | D:4      | Reached XP level 6. HP: 37/52 MP: 10/10
  3597 | D:5      | Entered Level 5 of the Dungeon
  3723 | D:5      | Noticed Edmund
  3724 | D:5      | Identified a scroll of acquirement
  3724 | D:5      | Acquired the -2 cloak of Dishonour {rPois}
  4041 | D:5      | Your scales start taking on a fiery red colour.
  4041 | D:5      | Reached XP level 7. HP: 8/60 MP: 12/12
  4041 | D:5      | Gained mutation: Your flesh is heat resistant. (rF+) [Red
                  | Draconian growth]
  4474 | D:5      | Reached skill level 5 in Translocations
  4502 | D:5      | Reached skill level 5 in Fighting
  4534 | D:4      | Killed Edmund
  4817 | D:5      | Reached skill level 5 in Polearms
  4817 | D:5      | Reached XP level 8. HP: 69/69 MP: 14/14
  4992 | D:5      | Reached skill level 1 in Air Magic
  5202 | D:5      | Reached skill level 5 in Spellcasting
  5372 | D:5      | Noticed Eustachio
  5390 | D:5      | Killed Eustachio
  5391 | D:5      | Reached skill level 6 in Translocations
  5817 | D:5      | Learned a level 3 spell: Lesser Beckoning
  5822 | D:5      | Learned a level 4 spell: Manifold Assault
  6202 | D:6      | Identified the +0 robe of the Northern Lights {Rampage
                  | rCorr}
  6608 | D:7      | Reached XP level 9. HP: 62/74 MP: 17/17
  6687 | D:7      | Reached skill level 7 in Translocations
  6763 | D:7      | Found a transporter.
  6774 | D:7      | Noticed a meliai
  7022 | D:7      | Found a transporter.
  7150 | D:7      | Noticed a sixfirhy
  7159 | D:7      | Reached skill level 5 in Air Magic
  7584 | D:7      | Noticed an iron dragon
  7601 | D:7      | Found a staircase to the Ecumenical Temple.
  7673 | D:7      | Found a one-way gate to the infinite horrors of the Abyss.
  7680 | D:7      | Noticed Tribosh's ghost (novice TeHu)
  7683 | D:7      | an iron dragon changed into an iron giant
  7683 | D:7      | Noticed an iron giant (shapeshifter)
  7795 | D:7      | an iron giant changed into an iron dragon
  7795 | D:7      | Noticed an iron dragon (shapeshifter)
  7833 | D:7      | an iron dragon changed into a shadow dragon
  7833 | D:7      | Noticed a shadow dragon (shapeshifter)
  7878 | D:8      | Found the +7 staff of the Meek {protect, meekguard}
  7919 | D:8      | Found a shadowy altar of Dithmenos.
  7943 | D:8      | Found a shimmering blue altar of Sif Muna.
  7946 | D:8      | Found a stormy altar of Qazlal.
  7946 | D:8      | Found a white marble altar of Elyvilon.
  7953 | D:8      | Found a glowing golden altar of the Shining One.
  8126 | D:8      | Reached skill level 8 in Translocations
  8282 | D:8      | Noticed a white ugly thing
  8286 | D:8      | Killed a white ugly thing
  8610 | D:8      | Reached XP level 10. HP: 74/81 MP: 21/21
  8797 | D:8      | Noticed a purple ugly thing
  8801 | D:8      | Noticed a catoblepas
  8802 | D:8      | Killed a purple ugly thing
  8821 | D:8      | Killed a catoblepas
  8822 | D:8      | Reached skill level 9 in Translocations
  8823 | D:8      | Noticed a centaur warrior
  8835 | D:8      | HP: 3/81 [centaur warrior/+0 battleaxe (5)]
  8835 | D:8      | Slain by a centaur warrior

Illustrated notes

Levels and vault maps discovered:
D:1:      eino_arrival_water_cross, layout_basic
D:2:      layout_loops_corners
D:3:      layout_loops_cross
D:4:      layout_loops_corners, nicolae_gozag_seed_capital, eino_curves_03
D:5:      kennysheep_big_flooded_room, layout_loops_ring,
          small_statue_intersection, minmay_diced_spiral, uniq_edmund,
          uniq_eustachio
D:6:      layout_basic, minmay_misc_feat_five
D:7:      layout_loops_ring, minmay_temple_entry_gardened_gates,
          gammafunk_ghost_abyssal_escape, corexii_hall_statues_deadend,
          corexii_leaking_fountain
D:8:      minmay_the_grid_plus_closed [minmay_the_grid_slots,
          minmay_the_grid_paths, minmay_the_grid_aliased_spiral,
          minmay_the_grid_all_tris, minmay_the_grid_prize_inner_circle],
          layout_cave_pods, nicolae_overflow_hallway_of_the_gods

Skill      XL: |  1  2  3  4  5  6  7  8  9 10 |
---------------+-------------------------------+-----
Fighting       | 3 4 5 |  5.5
Polearms       | 3 4 5 |  5.0
Spellcasting   | 3 4 5 7 8 |  8.1
Translocations | 4 5 6 8 9 |  9.1
Air Magic      | 3 6 7 |  7.0
Throwing       | |  0.8
Dodging        | |  2.1

Action                   |  1- 3 |  4- 6 |  7- 9 | 10-12 || total
-------------------------+-------+-------+-------+-------++-------
Melee: Spear             |   172 |   234 |   234 |       ||   640
       Tailslap          |     8 |    31 |    47 |     6 ||    92
       Punch             |     1 |     5 |     6 |       ||    12
       Trident           |       |       |    81 |       ||    81
       Quarterstaff      |       |       |    57 |    43 ||   100
Throw: Boomerang         |       |     7 |       |       ||     7
 Cast: Blink             |       |     2 |     2 |       ||     4
       Vhi's Electric Ch |       |     1 |     5 |       ||     6
       Manifold Assault  |       |       |     6 |     8 ||    14
 Abil: Breathe Fire      |       |       |    33 |     4 ||    37
Evoke: Wand              |       |       |       |     4 ||     4
  Use: Scroll            |     6 |     5 |     2 |       ||    13
       Potion            |     1 |     1 |       |     6 ||     8
 Stab: Sleeping          |     4 |     2 |     3 |       ||     9
Armor: Skin              |    28 |    48 |   103 |    30 ||   209
Dodge: Dodged            |    90 |   125 |   216 |    28 ||   459

Table legend: (Time is in decaauts)
 A = Elapsed time spent in this place.
 B = Non-inter-level travel time spent in this place.
 C = Inter-level travel time spent in this place.
 D = Time resting spent in this place.
 E = Time spent auto-exploring this place.
 F = Levels seen in this place.
 G = Mean time per level.
                   A        B        C        D        E       F      G
               +--------+--------+--------+--------+--------+-----+--------+
         Total |   8807 |   8632 |    175 |   2061 |   4976 |   8 | 1100.9 |
       Dungeon |   8807 |   8632 |    175 |   2061 |   4976 |   8 | 1100.9 |
               +--------+--------+--------+--------+--------+-----+--------+

Top non-repeatable levels by time:
     D:4: 1902 daAuts
     D:5: 1690 daAuts
     D:7: 1271 daAuts
     D:8: 999 daAuts
     D:2: 865 daAuts
     D:6: 729 daAuts
     D:1: 720 daAuts
     D:3: 628 daAuts
